PL
NORTHERN VIRGINIA RAINBOW MERMAIDS @ TOLEDO STINGERS
07/20/2033
 
TOP OF THE 1ST
Northern Virginia Rainbow Mermaids batting - Pitching for Toledo Stingers : RHP Enrique Castro
Pitching: RHP Enrique Castro
Batting: RHB Juan Jose Ayala 0-0: Ball
1-0: SINGLE (Groundball, 56) (infield hit)
Batting: LHB Ty Tomblin 0-0: Called Strike
Juan Jose Ayala steals 2nd base
0-1: Ball
Juan Jose Ayala is caught stealing 3rd base
1-1: Ball
2-1: Ground out 4-3 (Groundball, 4)
Batting: LHB Scott Kerin 0-0: Ball
1-0: Foul Ball, location: 2F
1-1: Foul Ball, location: 2F
1-2: Fly out, F5 (Popup, 5DF)
Top of the 1st over - 0 runs, 1 hit, 0 errors, 0 left on base; Northern Virginia 0 - Toledo 0
BOTTOM OF THE 1ST
Toledo Stingers batting - Pitching for Northern Virginia Rainbow Mermaids : RHP Guldemunde Geilinger
Pitching: RHP Guldemunde Geilinger
Batting: RHB Tamasaburo Kato 0-0: Foul Ball, location: 2F
0-1: Ball
1-1: Ball
2-1: Swinging Strike
2-2: Foul Ball, location: 2F
2-2: Ball
3-2: Foul Ball, location: 2F
3-2: Base on Balls
Batting: RHB Brett Callison 0-0: Ball
1-0: Fly out, F9 (Flyball, 9LS)
Batting: RHB Alfredo Martínez 0-0: Called Strike
0-1: Ball
1-1: SINGLE (Flyball, 8LS)
Tamasaburo Kato to second
Batting: LHB Tural Bishara 0-0: Swinging Strike
0-1: Called Strike
0-2: Ball
1-2: Foul Ball, location: 2F
1-2: Strikes out swinging
Batting: SHB Dylan Carson 0-0: Fielders Choice at 2nd, 5-4 (Groundball, 5L)
Bottom of the 1st over - 0 runs, 1 hit, 0 errors, 2 left on base; Northern Virginia 0 - Toledo 0
TOP OF THE 2ND
Northern Virginia Rainbow Mermaids batting - Pitching for Toledo Stingers : RHP Enrique Castro
Batting: SHB Eustacio Tafalla 0-0: Ball
1-0: DOUBLE (Line Drive, 9LM)
Batting: RHB Zahid Kashani 0-0: Ball
1-0: Ball
2-0: Foul Ball, location: 2F
2-1: Fly out, F6 (Line Drive, 6M)
Batting: LHB José Ruíz 0-0: Ball
1-0: Ball
2-0: Called Strike
2-1: Foul Ball, location: 2F
2-2: Fly out, F8 (Flyball, 8RS)
Batting: RHB Colt Cabana 0-0: Swinging Strike
0-1: Called Strike
0-2: Ground out U3 (Groundball, 34)
Top of the 2nd over - 0 runs, 1 hit, 0 errors, 1 left on base; Northern Virginia 0 - Toledo 0
BOTTOM OF THE 2ND
Toledo Stingers batting - Pitching for Northern Virginia Rainbow Mermaids : RHP Guldemunde Geilinger
Batting: LHB Kyoji Hakoda 0-0: Called Strike
0-1: Ball
1-1: Ball
2-1: Swinging Strike
2-2: Strikes out swinging
Batting: LHB Francisco Alfaro 0-0: Ball
1-0: Fly out, F4 (Popup, 4D)
Batting: RHB Manny Bendixen 0-0: Ball
1-0: Ball
2-0: Ball
3-0: Base on Balls
Batting: RHB Jorge Alvarado 0-0: Ball
1-0: Swinging Strike
1-1: DOUBLE (Line Drive, 7LM)
Manny Bendixen to third
Runner from 3rd tries for Home, SAFE, no throw
Batting: RHB Tamasaburo Kato 0-0: Ball
1-0: Ball
2-0: Ball
3-0: Base on Balls
Batting: RHB Brett Callison 0-0: Ball
1-0: Called Strike
1-1: Ball
2-1: Ball
3-1: Base on Balls
Jorge Alvarado to third
Tamasaburo Kato to second
Batting: RHB Alfredo Martínez 0-0: Ball
1-0: Called Strike
1-1: Fly out, F7 (Flyball, 78S)
Bottom of the 2nd over - 1 run, 1 hit, 0 errors, 3 left on base; Northern Virginia 0 - Toledo 1
TOP OF THE 3RD
Northern Virginia Rainbow Mermaids batting - Pitching for Toledo Stingers : RHP Enrique Castro
Batting: LHB Shelby Noonan 0-0: Called Strike
0-1: Called Strike
0-2: Ball
1-2: Ball
2-2: Fly out, F7 (Flyball, 7LM)
Batting: RHB Tommy Socorro 0-0: Ball
1-0: Ball
2-0: Called Strike
2-1: Fly out, F6 (Line Drive, 6)
Batting: RHB Juan Jose Ayala 0-0: SINGLE (Groundball, 4D)
Batting: LHB Ty Tomblin 0-0: Ball
1-0: Ground out 4-3 (Groundball, 4)
Top of the 3rd over - 0 runs, 1 hit, 0 errors, 1 left on base; Northern Virginia 0 - Toledo 1
BOTTOM OF THE 3RD
Toledo Stingers batting - Pitching for Northern Virginia Rainbow Mermaids : RHP Guldemunde Geilinger
Batting: LHB Tural Bishara 0-0: Fly out, F6 (Line Drive, 6)
Batting: SHB Dylan Carson 0-0: Called Strike
0-1: Ball
1-1: Foul Ball, location: 2F
1-2: Ball
2-2: Ball
3-2: Base on Balls
Batting: LHB Kyoji Hakoda 0-0: Ball
1-0: Ball
2-0: Ball
3-0: Base on Balls
Dylan Carson to second
Batting: LHB Francisco Alfaro 0-0: Called Strike
0-1: Ball
1-1: Ball
2-1: DOUBLE (Line Drive, 78D)
Dylan Carson scores
Kyoji Hakoda to third
Runner from 3rd tries for Home, SAFE, no throw
Batting: RHB Manny Bendixen 0-0: Foul Ball, location: 2F
0-1: Ground out 6-3 (Groundball, 6)
Francisco Alfaro to third
Batting: RHB Jorge Alvarado 0-0: Ball
1-0: Foul Ball, location: 2F
1-1: Ball
2-1: Swinging Strike
2-2: Ground out 5-3 (Groundball, 56S)
Bottom of the 3rd over - 2 runs, 1 hit, 0 errors, 1 left on base; Northern Virginia 0 - Toledo 3
TOP OF THE 4TH
Northern Virginia Rainbow Mermaids batting - Pitching for Toledo Stingers : RHP Enrique Castro
Batting: LHB Scott Kerin 0-0: SINGLE (Flyball, 8RS)
Batting: SHB Eustacio Tafalla 0-0: Ball
1-0: Swinging Strike
1-1: Ball
2-1: Swinging Strike
2-2: Foul Ball, location: 2F
2-2: Strikes out swinging
Batting: RHB Zahid Kashani 0-0: Ball
1-0: Ball
2-0: Ball
3-0: Called Strike
3-1: Fly out, F8 (Line Drive, 8LD)
Batting: LHB José Ruíz 0-0: Called Strike
0-1: Called Strike
0-2: Ball
1-2: Ball
2-2: Foul Ball, location: 2F
2-2: Ball
3-2: Base on Balls
Scott Kerin to second
Batting: RHB Colt Cabana 0-0: Called Strike
0-1: Ball
1-1: Foul Ball, location: 2F
1-2: Fly out, F7 (Flyball, 7S)
Top of the 4th over - 0 runs, 1 hit, 0 errors, 2 left on base; Northern Virginia 0 - Toledo 3
BOTTOM OF THE 4TH
Toledo Stingers batting - Pitching for Northern Virginia Rainbow Mermaids : RHP Guldemunde Geilinger
Batting: RHB Tamasaburo Kato 0-0: Ball
1-0: Ball
2-0: Called Strike
2-1: Swinging Strike
2-2: Foul Ball, location: 2F
2-2: Foul Ball, location: 2F
2-2: Strikes out swinging
Batting: RHB Brett Callison 0-0: Ball
1-0: Ball
2-0: Ball
3-0: Base on Balls
Batting: RHB Alfredo Martínez 0-0: Ball
Brett Callison steals 2nd base
1-0: Ball
2-0: Called Strike
2-1: Foul Ball, location: 2F
2-2: Ball
3-2: Foul Ball, location: 2F
3-2: Base on Balls
Batting: LHB Tural Bishara 0-0: Called Strike
0-1: Fly out, F9 (Flyball, 89S)
Batting: SHB Dylan Carson 0-0: Ball
1-0: Foul Ball, location: 2F
1-1: Ground out 4-3 (Groundball, 34)
Bottom of the 4th over - 0 runs, 0 hits, 0 errors, 2 left on base; Northern Virginia 0 - Toledo 3
TOP OF THE 5TH
Northern Virginia Rainbow Mermaids batting - Pitching for Toledo Stingers : RHP Enrique Castro
Batting: LHB Shelby Noonan 0-0: Called Strike
0-1: Swinging Strike
0-2: Ball
1-2: Strikes out swinging
Batting: RHB Tommy Socorro 0-0: Called Strike
0-1: Ball
1-1: Ball
2-1: Ground out 4-3 (Groundball, 34)
Batting: RHB Juan Jose Ayala 0-0: Ball
1-0: Ground out 4-3 (Groundball, 4)
Top of the 5th over - 0 runs, 0 hits, 0 errors, 0 left on base; Northern Virginia 0 - Toledo 3
BOTTOM OF THE 5TH
Toledo Stingers batting - Pitching for Northern Virginia Rainbow Mermaids : RHP Guldemunde Geilinger
Pitching: RHP António Alomar
Batting: LHB Kyoji Hakoda 0-0: Ball
1-0: Ball
2-0: Called Strike
2-1: Ball
3-1: Foul Ball, location: 2F
3-2: Base on Balls
Batting: LHB Francisco Alfaro 0-0: Bunt missed!
0-1: Bunted foul
0-2: SINGLE (Line Drive, 4D)
Kyoji Hakoda to second
Batting: RHB Manny Bendixen 0-0: Grounds into double play, 6-4-3 (Groundball, 6)
Kyoji Hakoda to third
Batting: RHB Jorge Alvarado 0-0: Ball
1-0: Called Strike
1-1: Fly out, F6 (Flyball, 56D)
Bottom of the 5th over - 0 runs, 1 hit, 0 errors, 1 left on base; Northern Virginia 0 - Toledo 3
TOP OF THE 6TH
Northern Virginia Rainbow Mermaids batting - Pitching for Toledo Stingers : RHP Enrique Castro
Batting: LHB Ty Tomblin 0-0: Called Strike
0-1: Ball
1-1: Called Strike
1-2: SOLO HOME RUN (Line Drive, 7LD), Distance : 369 ft
Batting: LHB Scott Kerin 0-0: Called Strike
0-1: Called Strike
0-2: Ball
1-2: Ground out 4-3 (Groundball, 4)
Batting: SHB Eustacio Tafalla 0-0: Called Strike
0-1: SINGLE (Flyball, 89S)
Batting: RHB Zahid Kashani 0-0: Ball
Pickoff Throw to First - Error! E1
Eustacio Tafalla to second
1-0: Foul Ball, location: 2F
1-1: Foul Ball, location: 2F
1-2: Foul Ball, location: 2F
1-2: Ball
2-2: Strikes out swinging
Batting: LHB José Ruíz 0-0: Swinging Strike
0-1: Called Strike
0-2: Ball
1-2: Foul Ball, location: 2F
1-2: Foul Ball, location: 2F
1-2: Strikes out looking
Top of the 6th over - 1 run, 2 hits, 1 error, 1 left on base; Northern Virginia 1 - Toledo 3
BOTTOM OF THE 6TH
Toledo Stingers batting - Pitching for Northern Virginia Rainbow Mermaids : RHP António Alomar
Batting: RHB Tamasaburo Kato 0-0: Called Strike
0-1: Fly out, F2 (Popup, 2LF)
Batting: RHB Brett Callison 0-0: Called Strike
0-1: Swinging Strike
0-2: Strikes out swinging
Batting: RHB Alfredo Martínez 0-0: Foul Ball, location: 2F
0-1: Foul Ball, location: 2F
0-2: Hit by Pitch
Batting: LHB Tural Bishara 0-0: Called Strike
0-1: Ball
Alfredo Martínez steals 2nd base
1-1: Ball
2-1: Ball
3-1: Called Strike
3-2: Base on Balls
Batting: SHB Dylan Carson 0-0: Ball
1-0: Foul Ball, location: 2F
1-1: Ball
2-1: Foul Ball, location: 2F
2-2: Fly out, F4 (Popup, 3D)
Bottom of the 6th over - 0 runs, 0 hits, 0 errors, 2 left on base; Northern Virginia 1 - Toledo 3
TOP OF THE 7TH
Northern Virginia Rainbow Mermaids batting - Pitching for Toledo Stingers : RHP Enrique Castro
Batting: RHB Colt Cabana 0-0: Called Strike
0-1: Swinging Strike
0-2: Foul Ball, location: 2F
0-2: Strikes out swinging
Batting: LHB Shelby Noonan 0-0: Ball
1-0: Ball
2-0: Ball
3-0: Called Strike
3-1: Called Strike
3-2: Strikes out swinging wild pitch, reaches first!
Batting: RHB Tommy Socorro 0-0: Ball
1-0: Swinging Strike
1-1: Ball
2-1: Fly out, F8 (Flyball, 8RD)
Batting: RHB Juan Jose Ayala 0-0: Ball
1-0: Ball
2-0: Ball
3-0: Foul Ball, location: 2F
3-1: Base on Balls
Shelby Noonan to second
Pitching: RHP Rob Silva
Batting: LHB Ty Tomblin 0-0: Ball
1-0: Called Strike
1-1: Ground out 6-3 (Groundball, 6S)
Top of the 7th over - 0 runs, 0 hits, 0 errors, 2 left on base; Northern Virginia 1 - Toledo 3
BOTTOM OF THE 7TH
Toledo Stingers batting - Pitching for Northern Virginia Rainbow Mermaids : RHP António Alomar
Batting: LHB Kyoji Hakoda 0-0: Called Strike
0-1: Swinging Strike
0-2: Ball
1-2: Foul Ball, location: 2F
1-2: Ball
2-2: Foul Ball, location: 2F
2-2: Ball
3-2: SOLO HOME RUN (Line Drive, 9LD), Distance : 365 ft
Batting: LHB Francisco Alfaro 0-0: Ball
1-0: Ball
2-0: Ground out 6-3 (Groundball, 6M)
Batting: RHB Manny Bendixen 0-0: Ball
1-0: Called Strike
1-1: Foul Ball, location: 2F
1-2: Strikes out swinging
Batting: RHB Jorge Alvarado 0-0: Called Strike
0-1: Ball
1-1: Ground out 6-3 (Groundball, 6)
Bottom of the 7th over - 1 run, 1 hit, 0 errors, 0 left on base; Northern Virginia 1 - Toledo 4
TOP OF THE 8TH
Northern Virginia Rainbow Mermaids batting - Pitching for Toledo Stingers : RHP Rob Silva
Batting: LHB Scott Kerin 0-0: Ball
1-0: Ground out 4-3 (Groundball, 4)
Batting: SHB Eustacio Tafalla 0-0: Ball
1-0: Called Strike
1-1: Ball
2-1: SINGLE (Groundball, 34D)
Batting: RHB Zahid Kashani 0-0: Fielders Choice at 2nd, 6-4 (Groundball, 6)
Batting: LHB José Ruíz 0-0: Called Strike
0-1: Foul Ball, location: 2F
0-2: Ball
1-2: Ball
2-2: SINGLE (Line Drive, 6M)
Zahid Kashani to second
Batting: RHB Colt Cabana 0-0: Ball
1-0: Called Strike
1-1: Foul Ball, location: 2F
1-2: Ground out 5-3 (Groundball, 5S)
Top of the 8th over - 0 runs, 2 hits, 0 errors, 2 left on base; Northern Virginia 1 - Toledo 4
BOTTOM OF THE 8TH
Toledo Stingers batting - Pitching for Northern Virginia Rainbow Mermaids : RHP António Alomar
Batting: RHB Tamasaburo Kato 0-0: Called Strike
0-1: Ball
1-1: Fly out, F5 (Line Drive, 5)
Batting: RHB Brett Callison 0-0: Foul Ball, location: 2F
0-1: Ball
1-1: Ground out 5-3 (Groundball, 56S)
Batting: RHB Alfredo Martínez 0-0: Called Strike
0-1: Called Strike
0-2: SINGLE (Groundball, 6MD)
Batting: LHB Tural Bishara 0-0: Ball
1-0: Called Strike
1-1: Ball
2-1: Foul Ball, location: 2F
2-2: Strikes out swinging
Bottom of the 8th over - 0 runs, 1 hit, 0 errors, 1 left on base; Northern Virginia 1 - Toledo 4
TOP OF THE 9TH
Northern Virginia Rainbow Mermaids batting - Pitching for Toledo Stingers : RHP Rob Silva
Pitching: LHP An Jang-Yop
Batting: LHB Shelby Noonan 0-0: Called Strike
0-1: Ball
1-1: Fly out, F8 (Flyball, 8RM)
Batting: RHB Tommy Socorro 0-0: Swinging Strike
0-1: Foul Ball, location: 2F
0-2: Foul Ball, location: 2F
0-2: Foul Ball, location: 2F
0-2: Ball
1-2: Strikes out swinging
Batting: RHB Juan Jose Ayala 0-0: Called Strike
0-1: Ball
1-1: Ball
2-1: Fly out, F7 (Flyball, 78D)
Top of the 9th over - 0 runs, 0 hits, 0 errors, 0 left on base; Northern Virginia 1 - Toledo 4
Saturday, December 22nd, 2018 - OOTP Baseball 18.8 Build 76